 Dungeon Crawl Stone Soup version 0.28-a0-863-g8cecda6153 (webtiles) character file.

Game seed: 13947004539305437384

234 mcbry74 the Chopper (level 6, -1/53 HPs)
             Began as a Hill Orc Fighter on Nov 17, 2021.
             Slain by a scorpion (7 damage)
             ... on level 4 of the Dungeon.
             The game lasted 00:09:12 (3191 turns).

mcbry74 the Chopper (Hill Orc Fighter)              Turns: 3191, Time: 00:09:12

Health: -1/53      AC:  7    Str: 21    XL:     6   Next: 5%
Magic:  6/6        EV:  9    Int:  8    God:
Gold:   62         SH:  4    Dex: 10    Spells: 5/5 levels left

rFire   . . .      SeeInvis .   a - +1 war axe
rCold   . . .      Faith    .   c - +0 buckler
rNeg    . . .      Spirit   .   b - +0 scale mail
rPois   .          Reflect  .   (no helmet)
rElec   .          Harm     .   (no cloak)
rCorr   .          Rampage  .   (no gloves)
Will    .....                   (no boots)
Stlth   ..........              (no amulet)
HPRegen 0.17/turn               (no ring)
MPRegen 0.10/turn               (no ring)

@: brilliant, lethally poisoned (-1 -> -4), studying Translocations, very slow
A: no striking features
a: no special abilities


You were on level 4 of the Dungeon.
You visited 1 branch of the dungeon, and saw 4 of its levels.

You collected 62 gold pieces.

Inventory:

Hand Weapons
 a - a +1 war axe (weapon)
Missiles
 n - a throwing net (quivered)
Armour
 b - a +0 scale mail (worn)
 c - a +0 buckler (worn)
 g - a +0 plate armour
Jewellery
 k - a ring of see invisible
Wands
 r - a wand of flame (12)
Potions
 d - a potion of might
 f - a potion of magic


   Skills:
 + Level 4.6 Fighting
 + Level 6.7 Axes
 + Level 4.2 Armour
 - Level 3.2 Shields


You had 5 spell levels left.
You didn't know any spells.
Your spell library was empty.

Dungeon Overview and Level Annotations

Branches:
Dungeon (4/15)
 Temple: D:4-7

Altars:
Trog
Xom


Message History

The adder barely misses you.
The hobgoblin splashes around in the water.
Your unstable footing causes you to fumble your attack.
The adder bites you.
* * * LOW HITPOINT WARNING * * *
You block the hobgoblin's attack. The adder bites you but does no damage.
You hit the adder.
The adder is lightly wounded.
You closely miss the hobgoblin. The adder bites you but does no damage.
The hobgoblin hits you but does no damage.
Your unstable footing causes you to fumble your attack.
The adder closely misses you.
A rat comes into view.
The hobgoblin hits you but does no damage.
The adder barely misses you.
It was a potion of curing.
You feel better.
You hear the rapid rusting of a drain very nearby.
The hobgoblin splashes around in the water.
The adder closely misses you.
You miss the adder.
The adder is lightly wounded.
You hit the hobgoblin.
You kill the hobgoblin!
The adder completely misses you. The adder closely misses you.
You closely miss the adder.
The adder is lightly wounded.
You hit the scorpion. The scorpion stings you!
* * * LOW HITPOINT WARNING * * *
The adder bites you.
* * * LOW HITPOINT WARNING * * *
You are poisoned.
The adder poisons you!
Your unstable footing causes you to fumble your attack.
You feel sick. The adder closely misses you. The scorpion stings you.
* * * LOW HITPOINT WARNING * * *
The adder bites you but does no damage.
It was a potion of brilliance.
You feel clever all of a sudden.
You feel sick. The scorpion stings you!
You die...

...... ...... ...S.#
.....##### ####...#gs≈#
......≈#≈#@# #...≈#g#S#
#.≈≈gg#r≈ ##..g#s#≈##
######### #...≈rr#≈≈
#........ #....#w###
#........ #...≈≈w#
#........
##....≈≈##########........
..........gw..............


You could see a scorpion, a gnoll, an adder and a river rat.

Vanquished Creatures
  A scorpion (D:4)
  Jessica (D:3)
  An orc wizard (D:3)
  4 gnolls (D:3)
  2 adders (D:4)
  A river rat (D:4)
  3 worms
  3 dart slugs
  3 orcs
  7 ball pythons
  3 endoplasms
  A giant cockroach (D:2)
  A goblin (D:1)
  3 hobgoblins
  2 quokkas
  3 bats
  A frilled lizard (D:3)
  5 kobolds
  9 rats
54 creatures vanquished.

Vanquished Creatures (others)
  3 demonic plants (D:1)
  2 fungi (D:1)
  2 plants (D:1)
  2 withered plants (D:1)
9 creatures vanquished.

Grand Total: 63 creatures vanquished

Notes
Turn   | Place    | Note
-------+----------+-------------------------------------------
     0 | D:1      | mcbry74 the Hill Orc Fighter began the quest for the Orb.
     0 | D:1      | Reached XP level 1. HP: 19/19 MP: 1/1
    42 | D:1      | Reached skill level 3 in Axes
    50 | D:1      | Found a faded altar of an unknown god.
    97 | D:1      | Reached XP level 2. HP: 24/26 MP: 2/2
   254 | D:2      | Reached skill level 4 in Axes
  1072 | D:3      | Reached XP level 3. HP: 31/31 MP: 3/3
  1167 | D:3      | Found a shimmering altar of Xom.
  1199 | D:3      | Reached skill level 5 in Axes
  1208 | D:3      | Reached XP level 4. HP: 15/39 MP: 4/4
  1823 | D:3      | Noticed Jessica
  1839 | D:3      | Killed Jessica
  1840 | D:3      | Reached skill level 6 in Axes
  2138 | D:3      | Noticed a moth of wrath
  2141 | D:3      | Found a bloodstained altar of Trog.
  2633 | D:4      | Reached XP level 5. HP: 46/46 MP: 5/5
  3181 | D:4      | Reached XP level 6. HP: 10/53 MP: 6/6
  3191 | D:4      | Slain by a scorpion

Illustrated notes

Levels and vault maps discovered:
D:1:      matt_arrival_spirals, layout_rooms, shapermc_ecumenical_altar_gd
D:2:      layout_basic, minmay_stone_trees_medium
D:3:      layout_basic, tgw_trog, brannock_xom_greatest_gift, uniq_jessica
D:4:      layout_basic, lightli_sewer_entry_pipes

Skill      XL: |  1  2  3  4  5 |
---------------+----------------+-----
Axes           | 3 4 5 6 |  6.7
Fighting       | 4 |  4.6
Armour         | 4 |  4.2
Shields        | |  3.2

Action                   |  1- 3 |  4- 6 || total
-------------------------+-------+-------++-------
Melee: War axe           |    79 |    90 ||   169
  Use: Scroll            |       |     6 ||     6
       Potion            |       |     3 ||     3
Armor: Scale mail        |    28 |    42 ||    70
       Plate armour      |     4 |       ||     4
Dodge: Dodged            |    26 |    47 ||    73
Block: Buckler           |    17 |    22 ||    39

Table legend: (Time is in decaauts)
 A = Elapsed time spent in this place.
 B = Non-inter-level travel time spent in this place.
 C = Inter-level travel time spent in this place.
 D = Time resting spent in this place.
 E = Time spent auto-exploring this place.
 F = Levels seen in this place.
 G = Mean time per level.
                   A        B        C        D        E       F      G
               +--------+--------+--------+--------+--------+-----+--------+
         Total |   3222 |   3143 |     79 |   1030 |   1423 |   4 |  805.5 |
       Dungeon |   3222 |   3143 |     79 |   1030 |   1423 |   4 |  805.5 |
               +--------+--------+--------+--------+--------+-----+--------+

Top non-repeatable levels by time:
     D:3: 1731 daAuts
     D:2: 1106 daAuts
     D:1: 214 daAuts
     D:4: 171 daAuts
